 Dungeon Crawl Stone Soup version 0.24-a0-528-g98e85ec62a (webtiles) character file.

Game seed: 14015539930618441685

14 Mithandil the Conjurer (level 2, 0/15 HPs)
             Began as a Tengu Conjurer on Aug 6, 2019.
             Slain by a leopard gecko (4 damage)
             ... on level 1 of the Dungeon.
             The game lasted 00:02:19 (123 turns).

Mithandil the Conjurer (Tengu Conjurer)              Turns: 123, Time: 00:02:20

Health: 0/15       AC:  2    Str:  8    XL:     2   Next: 41%
Magic:  1/6        EV: 13    Int: 15    God:
Gold:   7          SH:  0    Dex: 14    Spells: 2/5 levels left

rFire    . . .     SeeInvis .   (no weapon)
rCold    . . .     Gourm    .   (no shield)
rNeg     . . .     Faith    .   a - +0 robe
rPois    .         Spirit   .   (helmet restricted)
rElec    .         Reflect  .   (no cloak)
rCorr    .         Harm     .   (no gloves)
MR       .....                  (boots unavailable)
Stlth    ++........             (no amulet)
HPRegen  0.05/turn              (no ring)
MPRegen  0.10/turn              (no ring)

@: no status effects
A: beak, talons 3
a: no special abilities


You were on level 1 of the Dungeon.
You were not hungry.

You visited 1 branch of the dungeon, and saw 1 of its levels.

You collected 7 gold pieces.

Inventory:

Armour
 a - a +0 robe (worn)
Scrolls
 d - a scroll of magic mapping {unknown}
Potions
 e - a potion of haste {unknown}
Comestibles
 b - 4 chunks of flesh
 c - 2 rations


   Skills:
 + Level 0.4 Throwing
 + Level 2.3 Dodging
 + Level 2.2 Stealth
 * Level 2.2 Spellcasting
 * Level 5.5 Conjurations


You had 2 spell levels left.
You knew the following spells:

 Your Spells              Type           Power        Failure   Level  Hunger
a - Magic Dart            Conj           ###.         2%          1    #......
b - Searing Ray           Conj           ###...       3%          2    ###....

Your spell library contained the following spells:

 Spells                   Type           Power        Failure   Level  Hunger
 Dazzling Spray           Conj/Hex       ##....       21%         3    ###....
 Iskenderun's Mystic Bla  Conj           ###.....     22%         4    #####..
 Force Lance              Conj/Tloc      ##......     56%         4    #####..
 Fulminant Prism          Conj/Hex       ##........   56%         4    #####..


Dungeon Overview and Level Annotations

Branches:
Dungeon (1/15)

Altars:


Innate Abilities, Weirdness & Mutations

You have a beak for a mouth.
You have claws for feet.


Message History

You hit the goblin.
You kill the goblin!
You hit the rat but do no damage. Your kick misses the rat.
Your peck misses the rat. The rat bites you but does no damage.
You hit the rat but do no damage. Your kick misses the rat.
Your peck misses the rat. The rat misses you.
You hit the rat but do no damage. You peck the rat.
The rat is severely wounded.
The rat misses you.
You hit the rat.
You kill the rat!
Casting: Magic Dart (safe; 2% risk of failure)
Confirm with . or Enter, or press ? or * to list all spells.
Aiming: Magic Dart (safe; 2% risk of failure)
Press: ? - help, Shift-Dir - straight line, f - leopard gecko
Aim: a leopard gecko (clinging)
The magic dart hits the leopard gecko.
The leopard gecko is almost dead.
The leopard gecko bites you.
You die...

.....## ......## .#
.......# .# .......## .#
###.....## .#
###....####### l#
####.......# .######
###.<##รท.....###.......
###....#.......'@l>......
.......#.......###.......
.......#.......###.......
......##.........#.......
.....###.#####...#.......
...### #.# #...#.......
#### #.# #...#....... #.#
#...#....... #.# .#


You could see a leopard gecko.

Vanquished Creatures
  2 oozes (D:1)
  A goblin (D:1)
  A hobgoblin (D:1)
  2 rats (D:1)
6 creatures vanquished.

Notes
Turn   | Place    | Note
-------+----------+-------------------------------------------
     0 | D:1      | Mithandil the Tengu Conjurer began the quest for the Orb.
     0 | D:1      | Reached XP level 1. HP: 10/10 MP: 4/4
    93 | D:1      | Reached XP level 2. HP: 7/15 MP: 6/6
    97 | D:1      | Learned a level 2 spell: Searing Ray
   123 | D:1      | Slain by a leopard gecko

Levels and vault maps discovered:
D:1:      minmay_arrival_loop, layout_basic

Action                   || total
-------------------------++-------
Melee: Unarmed           ||    19
       Kick              ||     2
       Peck              ||     2
 Cast: Magic Dart        ||    11
 Stab: Sleeping          ||     1
Armor: Robe              ||     3
Dodge: Dodged            ||     8

Table legend:
 A = Non-vault XP
 B = Vault XP
 C = Vault XP percentage of total XP
 D = Non-vault monster count
 E = Vault monster count
 F = Vault count percentage of total count
                 A         B        C        D         E       F
            +---------+---------+-------+---------+---------+-------
      Total |      20 |       0 |   0.0 |       6 |       0 |   0.0
            +---------+---------+-------+---------+---------+-------
        D:1 |      20 |       0 |   0.0 |       6 |       0 |   0.0
            +---------+---------+-------+---------+---------+-------
